 Dungeon Crawl Stone Soup version 0.29-a0-838-g385bb11a5b (webtiles) character file.

Game seed: 1897835167307383711

1561 kevlar127 the Ruffian (level 8, -10/84 HPs)
             Began as a Troll Berserker on July 13, 2022.
             Was a Priest of Trog.
             Mangled by an orc warrior
             ... wielding a +0 long sword
              (15 damage)
             ... on level 6 of the Dungeon.
             The game lasted 00:08:16 (3873 turns).

kevlar127 the Ruffian (Troll Berserker)             Turns: 3873, Time: 00:08:17

Health: -10/84     AC:  4    Str: 28    XL:     8   Next: 58%
Magic:  7/7        EV: 10    Int:  3    God:    Trog [***...]
Gold:   283        SH:  5    Dex:  9    Spells: 7/7 levels left

rFire   . . .      SeeInvis .     - Unarmed
rCold   . . .      Faith    .   (no shield)
rNeg    . . .      Spirit   .   a - +0 animal skin
rPois   .          Reflect  +   (helmet restricted)
rElec   .          Harm     .   (no cloak)
rCorr   .          Rampage  .   (gloves unavailable)
Will    ++...                   (boots unavailable)
Stlth   +.........              s - amulet of reflection
HPRegen 2.04/turn               (no ring)
MPRegen 0.10/turn               (no ring)

@: lethally poisoned (-10 -> -10), strong-willed, regenerating
A: large, unfitting armour, claws 3, regeneration 1, shaggy fur 1, tough skin 1
a: Renounce Religion, Berserk, Trog's Hand


You were on level 6 of the Dungeon.
You worshipped Trog.
Trog was most pleased with you.
You visited 1 branch of the dungeon, and saw 6 of its levels.

You collected 283 gold pieces.

Inventory:

Missiles
 b - 66 stones (quivered)
 i - 6 poisoned darts
 q - 3 silver javelins
 v - a throwing net
 G - 3 boomerangs
Armour
 a - a +0 animal skin (worn)
 p - a +0 kite shield
Jewellery
 n - a ring of fire
 s - an amulet of reflection (around neck)
 A - a ring of ice
 D - a ring of protection from cold
 H - a ring of ice
Wands
 r - a wand of mindburst (22)
 t - a wand of flame (9)
 B - a wand of paralysis (5)
Scrolls
 c - 5 scrolls of identify {unknown}
 e - 3 scrolls of immolation {unknown}
 f - a scroll of enchant armour {unknown}
 j - 2 scrolls of enchant weapon {unknown}
 m - a scroll of vulnerability {unknown}
 x - a scroll of fear {unknown}
 y - 2 scrolls of poison {unknown}
 F - a scroll of torment {unknown}
Potions
 d - a potion of degeneration {unknown}
 g - 2 potions of heal wounds {unknown}
 h - 3 potions of haste {unknown}
 k - 2 potions of mutation {unknown}
 l - a potion of ambrosia {unknown}
 o - a potion of attraction {unknown}
 u - 2 potions of flight {unknown}
 w - a potion of might {unknown}
 z - 2 potions of brilliance {unknown}
 C - a potion of invisibility {unknown}
 E - 2 potions of curing {unknown}


   Skills:
 + Level 6.4 Fighting
 + Level 2.4 Throwing
 - Level 2.4 Dodging
 + Level 2.4 Shields
 + Level 7.6 Unarmed Combat


You had 7 spell levels left.
You didn't know any spells.
Your spell library was empty.

Dungeon Overview and Level Annotations

Branches:
Dungeon (6/15)
 Temple: D:4-7

Altars:
Dithmenos
Hepliaklqana
Makhleb
Nemelex Xobeh
Trog

Shops:
D:1 ?[!(   D:2 *   D:3 =   D:6 *

Portals:
Sewer: D:3


Innate Abilities, Weirdness & Mutations

You are too large for most types of armour.
You have claws for hands.
Your natural rate of healing is unusually fast.
You are covered in fur. (AC +1)
You have tough skin. (AC +1)


Message History

The scorpion is lightly wounded.
You feel very sick. The scorpion barely misses you.
Unknown command.
You barely miss the scorpion.
The scorpion is lightly wounded.
You feel sick. The scorpion barely misses you.
You closely miss the scorpion.
The scorpion is lightly wounded.
You are no longer corroded.
You feel sick.
The white imp laughs crazily.
You block the scorpion's attack.
You mangle the scorpion!!
You kill the scorpion!
Trog accepts your kill.
You feel sick. The adder bites you.
* * * LOW HITPOINT WARNING * * *
You are more poisoned.
The adder poisons you!
You mangle the adder!!
You kill the adder!
Trog accepts your kill.
You feel very sick.
You mangle the adder!!
You kill the adder!
Trog accepts your kill.
You feel sick.
You closely miss the orc warrior.
You feel sick.
You scratch the orc warrior.
The orc warrior is lightly wounded.
You feel sick.
The orc warrior hits you with a +0 long sword!
* * * LOW HITPOINT WARNING * * *
Unknown command.
You closely miss the orc warrior.
The orc warrior is lightly wounded.
You feel sick.
The orc warrior hits you with a +0 long sword!
You die...

### #.. ##.## #
#...#####.###
#...#5h...!..
#...#oo.#
#...@##.....# #..
#.#..# ._.###..
#.##..####.##..
#.###...###....
#.####.......+#
#........<#.#.####
###......>†.......
#...............
######....###.####


You could see an orc warrior, a hound, an orc wizard and a white imp.

Vanquished Creatures
  A wyvern (D:5)
  Menkaure (D:4)
  An orc warrior (D:6)
  2 ice beasts
  A black bear (D:5)
  2 ogres (D:6)
  4 scorpions
  3 hounds
  A jelly (D:6)
  3 orc priests
  Ijyb (D:3)
  An orc wizard (D:3)
  2 iguanas
  4 gnolls (D:2)
  4 adders
  A shadow imp (D:6)
  A white imp (D:6)
  2 ufetubi (D:5)
  2 worms
  A dart slug (D:3)
  15 orcs
  4 bats
  7 endoplasms
  3 giant cockroaches
  9 goblins
  3 hobgoblins
  10 quokkas
  11 ball pythons
  4 frilled lizards
  11 kobolds
  7 rats
122 creatures vanquished.

Notes
Turn   | Place    | Note
-------+----------+-------------------------------------------
     0 | D:1      | kevlar127 the Troll Berserker began the quest for the Orb.
     0 | D:1      | Reached XP level 1. HP: 22/22 MP: 0/0
   162 | D:1      | Reached XP level 2. HP: 29/29 MP: 1/1
   208 | D:1      | Found Lewow's Weapon Shop.
   242 | D:1      | Found Ogityop's Antique Armour Shoppe.
   256 | D:1      | Found Tuanecer's Magic Scroll Boutique.
   420 | D:1      | Found a faded altar of an unknown god.
   424 | D:1      | Reached ** piety under Trog
   426 | D:1      | Reached XP level 3. HP: 37/37 MP: 2/2
   464 | D:1      | Found Qikixzuh's Distillery.
   780 | D:2      | Found Esset's General Store.
  1026 | D:2      | Reached skill level 4 in Unarmed Combat
  1031 | D:2      | Reached XP level 4. HP: 12/45 MP: 3/3
  1594 | D:3      | Noticed Ijyb
  1600 | D:3      | Killed Ijyb
  1601 | D:3      | Reached XP level 5. HP: 48/54 MP: 4/4
  1627 | D:3      | Found a glowing drain.
  1772 | D:3      | Found Surheni's Jewellery Shop.
  1973 | D:4      | Found a shadowy altar of Dithmenos.
  2192 | D:4      | Reached skill level 5 in Unarmed Combat
  2192 | D:4      | Reached XP level 6. HP: 60/62 MP: 5/5
  2268 | D:4      | Noticed an ice beast
  2277 | D:4      | Killed an ice beast
  2465 | D:4      | Noticed Menkaure
  2470 | D:4      | Killed Menkaure
  2471 | D:4      | Reached skill level 5 in Fighting
  2471 | D:4      | Reached skill level 6 in Unarmed Combat
  2471 | D:4      | Reached XP level 7. HP: 39/72 MP: 6/6
  2573 | D:5      | Entered Level 5 of the Dungeon
  2641 | D:5      | Reached *** piety under Trog
  2688 | D:5      | Found the +3 woodcutter's axe {vorpal}
  3043 | D:5      | Noticed a wyvern
  3047 | D:5      | Killed a wyvern
  3231 | D:5      | Found a bloodstained altar of Trog.
  3270 | D:5      | Reached skill level 7 in Unarmed Combat
  3393 | D:6      | Found a burning altar of Makhleb.
  3467 | D:6      | Found a sparkling altar of Nemelex Xobeh.
  3489 | D:6      | Reached XP level 8. HP: 83/83 MP: 7/7
  3566 | D:6      | Reached skill level 1 in Throwing
  3566 | D:6      | Reached skill level 1 in Shields
  3586 | D:6      | Found Pajaem's Practical Paraphernalia.
  3858 | D:6      | Found a hazy altar of Hepliaklqana.
  3873 | D:6      | Mangled by an orc warrior

Illustrated notes

Levels and vault maps discovered:
D:1:      saegor_arrival_miasma, layout_loops_ring,
          dreamdust_ecumenical_altar_hidden_monk_grotto, serial_shops, shop,
          shop, nicolae_shop_waterfront,
          nicolae_shop_temple_entry_statues_fountains
D:2:      layout_basic, serial_shops,
          nicolae_shop_temple_entry_statues_fountains
D:3:      layout_rooms, portal_sewer_entry_a, serial_shops, shop,
          chequers_hall_statues_wall_a, uniq_ijyb
D:4:      layout_rooms, general_overflow_altar, grunt_decor_cap,
          kennysheep_flooded_box, uniq_menkaure
D:5:      layout_gridville, nicolae_overflow_crystal_walls,
          roderic_roman_lattice
D:6:      layout_basic, nemelex_xobeh_ov_fountains_minmay, bloody_makhleb,
          nicolae_alphabet_shops, amethyst_killhole, grunt_ministairs_15,
          minmay_ruined_shrine, uniq_pikel

Skill      XL: |  1  2  3  4  5  6  7  8 |
---------------+-------------------------+-----
Fighting       | 3 4 5 6 |  6.4
Unarmed Combat | 4 5 6 7 |  7.6
Throwing       | 2 |  2.4
Shields        | 2 |  2.4
Dodging        | |  2.4

Action                   |  1- 3 |  4- 6 |  7- 9 || total
-------------------------+-------+-------+-------++-------
Melee: Unarmed           |    90 |   133 |    82 ||   305
       Punch             |     3 |     1 |     4 ||     8
Invok: Trog's Hand       |     1 |     1 |     1 ||     3
       Berserk           |     1 |       |       ||     1
 Stab: Sleeping          |     1 |     1 |       ||     2
Armor: Animal skin       |    24 |    42 |    13 ||    79
Dodge: Dodged            |    34 |    64 |    32 ||   130
Block: Other             |       |    15 |    13 ||    28

Table legend: (Time is in decaauts)
 A = Elapsed time spent in this place.
 B = Non-inter-level travel time spent in this place.
 C = Inter-level travel time spent in this place.
 D = Time resting spent in this place.
 E = Time spent auto-exploring this place.
 F = Levels seen in this place.
 G = Mean time per level.
                   A        B        C        D        E       F      G
               +--------+--------+--------+--------+--------+-----+--------+
         Total |   3854 |   3603 |    251 |      0 |   2894 |   6 |  642.3 |
       Dungeon |   3854 |   3603 |    251 |      0 |   2894 |   6 |  642.3 |
               +--------+--------+--------+--------+--------+-----+--------+

Top non-repeatable levels by time:
     D:5: 763 daAuts
     D:2: 708 daAuts
     D:1: 676 daAuts
     D:4: 595 daAuts
     D:3: 585 daAuts
     D:6: 525 daAuts
